 Dungeon Crawl Stone Soup version 0.30.1-11-g7821555f0a (webtiles) character file.

Game seed: 16677355396678311058

66 Danienth the Covert (level 4, -2/41 HPs)
             Began as a Gnoll Delver on Nov 11, 2023.
             Was an Initiate of Okawaru.
             Slain by a scorpion (7 damage)
             ... on level 5 of the Dungeon.
             The game lasted 00:03:30 (660 turns).

Danienth the Covert (Gnoll Delver)                   Turns: 660, Time: 00:03:33

Health: -2/41      AC:  3    Str: 12    XL:     4   Next: 15%
Magic:  5/5        EV: 13    Int:  9    God:    Okawaru [......]
Gold:   0          SH:  0    Dex: 15    Spells: 5/5 levels left

rFire   . . .        a - +0 hand axe
rCold   . . .        (no shield)
rNeg    . . .        b - +0 leather armour
rPois   .            (no helmet)
rElec   .            (no cloak)
rCorr   .            (no gloves)
SInv    .            (no boots)
Will    .....        (no amulet)
Stlth   ++++         (no ring)
HPRegen 0.26/turn    (no ring)
MPRegen 0.09/turn

%: no passive effects
@: no status effects
A: fangs 1, strong nose, distributed training
a: Renounce Religion


You were on level 5 of the Dungeon.
You worshipped Okawaru.
Okawaru was noncommittal.
You visited 1 branch of the dungeon, and saw 2 of its levels.

Inventory:

Hand Weapons
 a - a +0 hand axe (weapon)
 e - a +0 spear
Armour
 b - a +0 leather armour (worn)
Wands
 g - a wand of digging (8)
Scrolls
 c - a scroll of fog
 d - a scroll of magic mapping


   Skills:
 + Level 6.6 Fighting
 + Level 1.1 Short Blades
 + Level 1.1 Long Blades
 + Level 4.6 Axes
 + Level 1.1 Maces & Flails
 + Level 1.1 Polearms
 + Level 1.1 Staves
 + Level 1.1 Ranged Weapons
 + Level 1.1 Throwing
 + Level 1.1 Armour
 + Level 4.6 Dodging
 + Level 9.6 Stealth
 + Level 1.1 Shields
 + Level 1.1 Unarmed Combat
 + Level 1.1 Spellcasting
 + Level 0.8 Conjurations
 + Level 0.8 Hexes
 + Level 0.8 Summonings
 + Level 0.8 Necromancy
 + Level 0.8 Translocations
 + Level 0.8 Transmutations
 + Level 0.8 Fire Magic
 + Level 0.8 Ice Magic
 + Level 0.8 Air Magic
 + Level 0.8 Earth Magic
 + Level 0.8 Poison Magic
 + Level 1.2 Invocations
 + Level 1.1 Evocations


You had 5 spell levels left.
You didn't know any spells.
Your spell library was empty.

Dungeon Overview and Level Annotations

Branches:
Dungeon (6/15)
 Temple: D:4-7

Altars:
Okawaru


Innate Abilities, Weirdness & Mutations

You have very sharp teeth.
Your uncanny sense of smell can sniff out nearby items.
Your experience applies equally to all skills.


Message History

Press: ? - help, Dir - move target, f/p - scorpion
Aim: a scorpion (severely wounded, about 35% to evade your +0 hand axe)
You barely miss the scorpion.
The scorpion is severely wounded.
The scorpion stings you. The scorpion closely misses you.
Cleave: a) +0 hand axe
Press: ? - help, Dir - move target, f/p - scorpion
Aim: a scorpion (severely wounded, about 35% to evade your +0 hand axe)
You hit the scorpion but do no damage.
The scorpion is severely wounded.
The scorpion stings you but does no damage.
Cleave: a) +0 hand axe
Press: ? - help, Dir - move target, f/p - scorpion
Aim: a scorpion (severely wounded, about 35% to evade your +0 hand axe)
You closely miss the scorpion.
The scorpion is severely wounded.
The scorpion stings you.
* * * LOW HITPOINT WARNING * * *
Cleave: a) +0 hand axe
Press: ? - help, Dir - move target, f/p - scorpion
Aim: a scorpion (severely wounded, about 35% to evade your +0 hand axe)
You hit the scorpion but do no damage. Your bite misses the scorpion.
The scorpion is severely wounded.
The scorpion stings you.
* * * LOW HITPOINT WARNING * * *
The scorpion barely misses you.
Cleave: a) +0 hand axe
Press: ? - help, Dir - move target, f/p - scorpion
Aim: a scorpion (severely wounded, about 35% to evade your +0 hand axe)
You completely miss the scorpion.
The scorpion is severely wounded.
The scorpion stings you.
* * * LOW HITPOINT WARNING * * *
Cleave: a) +0 hand axe
Press: ? - help, Dir - move target, f/p - scorpion
Aim: a scorpion (severely wounded, about 35% to evade your +0 hand axe)
You closely miss the scorpion. Your bite misses the scorpion.
The scorpion is severely wounded.
The scorpion stings you!
You die...

#......# # #.....#
##o# #.....#
#....###.....#
#...g'......[# ..
#....##.####+##
...#... #.##...(#
c..#.#####..#....#
...........###@s.>..#
.............###....#
#...........s......#
............##.....#
.........####.#'###
#.# ##...##รท..##...#
#...#.....#.(..#####
#.s...._.......#.#
#...#.....#......#


You could see a scorpion.

Vanquished Creatures
  A hound (D:6)
  An iguana (D:5)
  A gnoll (D:5)
3 creatures vanquished.

Notes
Turn   | Place    | Note
-------+----------+-------------------------------------------
     0 | D:5      | Reached skill level 9 in Stealth
     0 | D:5      | Danienth the Gnoll Delver began the quest for the Orb.
     0 | D:5      | Reached XP level 1. HP: 23/23 MP: 1/1
    30 | D:6      | Noticed a hound
    37 | D:6      | Killed a hound
    38 | D:6      | Reached XP level 2. HP: 19/29 MP: 1/3
    38 | D:6      | Reached XP level 3. HP: 24/35 MP: 1/4
   120 | D:6      | Noticed an orc warrior
   134 | D:5      | Reached skill level 1 in Invocations
   248 | D:5      | Noticed a centaur
   251 | D:5      | Found an iron altar of Okawaru.
   264 | D:5      | Reached skill level 1 in Short Blades
   264 | D:5      | Reached skill level 1 in Long Blades
   264 | D:5      | Reached skill level 1 in Maces & Flails
   264 | D:5      | Reached skill level 1 in Polearms
   264 | D:5      | Reached skill level 1 in Staves
   264 | D:5      | Reached skill level 1 in Ranged Weapons
   264 | D:5      | Reached skill level 1 in Throwing
   264 | D:5      | Reached skill level 1 in Armour
   264 | D:5      | Reached skill level 1 in Shields
   264 | D:5      | Reached skill level 1 in Unarmed Combat
   264 | D:5      | Reached skill level 1 in Spellcasting
   264 | D:5      | Reached skill level 1 in Evocations
   264 | D:5      | Reached XP level 4. HP: 12/41 MP: 5/5
   373 | D:5      | Noticed a scorpion
   377 | D:5      | Became a worshipper of Warmaster Okawaru
   660 | D:5      | Slain by a scorpion

Illustrated notes

Levels and vault maps discovered:
D:5:      layout_basic, okawaru_gym_becter, gammafunk_ghost_gnarly_gnolls
D:6:      layout_gridville, uniq_menkaure

Skill      XL: |  1  2  3 |
---------------+----------+-----
Stealth        | |  9.6
Invocations    | 1 |  1.2
Short Blades   | 1 |  1.1
Long Blades    | 1 |  1.1
Maces & Flails | 1 |  1.1
Polearms       | 1 |  1.1
Staves         | 1 |  1.1
Ranged Weapons | 1 |  1.1
Throwing       | 1 |  1.1
Armour         | 1 |  1.1
Shields        | 1 |  1.1
Unarmed Combat | 1 |  1.1
Spellcasting   | 1 |  1.1
Evocations     | 1 |  1.1
Fighting       | |  6.6
Axes           | |  4.6
Dodging        | |  4.6
Conjurations   | |  0.8
Hexes          | |  0.8
Summonings     | |  0.8
Necromancy     | |  0.8
Translocations | |  0.8
Transmutations | |  0.8
Fire Magic     | |  0.8
Ice Magic      | |  0.8
Air Magic      | |  0.8
Earth Magic    | |  0.8
Poison Magic   | |  0.8

Action                     |  1- 3 |  4- 6 || total
---------------------------+-------+-------++-------
  Melee: Hand axe          |    21 |    22 ||    43
         Bite              |     2 |     4 ||     6
         Punch             |     1 |     2 ||     3
    Use: Potion            |     1 |       ||     1
         Scroll            |       |     1 ||     1
 Armour: Leather armour    |     1 |     4 ||     5
  Dodge: Dodged            |    11 |    12 ||    23
